Map: 버밀리언의 특종

Players

제임스레이더

  • Race: Zerg Zerg

Nova

  • Race: Terran Terran
  • Spawn Location: 11:00

VOD

Have the link to the VOD?

Description

Time

  • Played on: Sept. 14, 2017, 5:26 a.m.
  • Length: 22:33
Show
View Real Time Build Order
Export as new Build Order

제임스레이더 Zerg 

Build Orders:  

Get SALT Encoding   

  18  0:03  Primal Drone  
  19  0:11  Primal Drone  
  19  0:18  Primal Drone  
  21  0:25  Primal Drone  
  22  0:33  Primal Drone  
  23  0:49  Primal Drone  
  24  0:50  Extractor  
  24  0:52  Extractor  
  24  1:12  Primal Drone  
  25  1:33  Primal Warden  
  26  1:40  Primal Drone x2  
  28  2:09  Primal Drone  
  29  2:44  Glevig's Den  
  33  3:01  Primal Drone  
  33  3:02  Primal Drone x3  
  33  3:08  Primal Hive  
  37  3:23  Primal Drone  
  38  3:48  Primal Drone  
  38  3:49  Primal Drone  
  40  3:51  Primal Attacks Level 1  
  40  4:13  Primal Drone  
  41  4:21  Murvar's Den  
  41  4:24  Primal Drone  
  41  5:00  Primal Drone x2  
  41  5:04  Primal Hive  
  41  5:08  Primal Drone x4  
  47  5:14  Primal Warden  
  49  5:22  Primal Drone  
  49  5:23  Primal Drone x2  
  52  5:33  Primal Warden  
  52  5:36  Primal Warden  
  52  6:00  Primal Drone  
  52  6:01  Primal Drone x3  
  52  6:09  Dissolving Acid  
  56  6:19  Primal Drone  
  57  6:20  Primal Drone  
  58  6:36  Primal Drone  
  58  7:00  Primal Drone x2  
  58  7:05  Dakrun's Den  
  58  7:07  Slicing Glave  
  58  7:09  Enlarged Parotid Glands  
  59  7:14  Primal Warden  
  59  7:21  Extractor  
  59  7:22  Primal Drone x5  
  64  7:56  Primal Drone x2  
  66  8:01  Primal Warden  
  66  8:05  Primal Warden  
  66  8:07  Shifting Carapace  
  66  8:08  Extractor  
  66  8:09  Muscular Augments  
  66  8:11  Primal Hydralisk  
  66  8:12  Primal Hydralisk x4  
  76  8:31  Primal Drone x6  
  77  9:00  Primal Hydralisk x4  
  77  9:01  Primal Hydralisk x3  
  77  9:03  Primal Mutalisk  
  77  9:04  Primal Mutalisk  
  89  9:13  Primal Drone  
  89  9:14  Primal Drone  
  89  9:22  Primal Drone x3  
  89  9:25  Primal Hydralisk x2  
  89  9:26  Primal Hydralisk x2  
  89  9:28  Primal Warden  
  101  9:59  Primal Hydralisk x4  
  109  10:04  Primal Mutalisk x4  
  109  10:05  Primal Mutalisk  
  109  10:07  Primal Zergling x6  
  109  10:08  Primal Zergling  
  111  10:41  Primal Attacks Level 2  
  111  10:42  Primal Zergling  
  111  10:43  Primal Zergling x6  
  111  10:45  Ravasaur  
  111  10:46  Ravasaur  
  112  11:21  Primal Reconstitution  
  112  11:22  Primal Hydralisk x2  
  112  11:23  Primal Hydralisk x4  
  112  11:25  Primal Zergling x5  
  122  11:51  Primal Drone x6  
  122  11:52  Primal Drone x4  
  122  11:58  Primal Mutalisk  
  122  11:59  Primal Mutalisk x3  
  121  12:01  Primal Mutalisk, Primal Zergling  
  121  12:02  Primal Zergling x8  
  121  12:04  Ravasaur x2  
  126  12:17  Primal Hydralisk x3  
  126  12:18  Primal Zergling  
  133  12:21  Ravasaur x3  
  133  12:22  Ravasaur  
  132  12:35  Primal Hydralisk x4  
  140  12:57  Primal Hydralisk x2  
  140  12:58  Primal Hydralisk x3  
  149  13:15  Primal Hydralisk  
  149  13:16  Primal Hydralisk x2  
  149  13:18  Primal Mutalisk  
  153  13:20  Primal Zergling x4  
  157  13:32  Primal Mutalisk  
  157  13:33  Primal Mutalisk  
  155  13:51  Ravasaur  
  155  13:52  Ravasaur, Primal Hydralisk x3  
  155  13:53  Primal Hydralisk  
  155  13:58  Primal Mutalisk x2  
  161  14:05  Primal Zergling  
  161  14:06  Primal Zergling x6  
  168  14:28  Primal Hydralisk x3  
  174  14:30  Primal Mutalisk x2  
  174  14:31  Primal Mutalisk  
  174  14:32  Ravasaur  
  174  14:33  Ravasaur  
  157  15:14  Primal Hydralisk x4  
  157  15:15  Primal Hydralisk x3  
  157  15:19  Primal Mutalisk x2  
  162  15:45  Primal Hydralisk  
  162  15:46  Primal Hydralisk x3  
  168  15:50  Primal Mutalisk x2  
  166  16:03  Primal Hydralisk x2  
  166  16:04  Primal Zergling x3  
  166  16:05  Primal Zergling x7  
  171  16:29  Ravasaur x4  
  171  16:30  Ravasaur  
  171  16:32  Primal Hydralisk x4  
  177  16:48  Primal Hydralisk x3  
  183  17:02  Primal Hydralisk x2  
  183  17:03  Primal Roach  
  189  17:19  Primal Mutalisk x4  
  185  17:20  Primal Mutalisk  
  184  17:59  Primal Attacks Level 3  
  184  18:26  Primal Mutalisk  
  167  19:51  Primal Drone x3  
  167  19:52  Primal Drone x2  
  171  21:15  Primal Hydralisk  
  171  21:16  Primal Hydralisk x5  
  171  21:17  Primal Hydralisk x2  
  169  21:55  Primal Hydralisk x3  
  169  21:56  Primal Hydralisk x4  
  169  21:57  Primal Hydralisk x5  
  169  21:58  Primal Hydralisk  
  191  22:01  Primal Mutalisk  
  191  22:03  Primal Hydralisk x3  
Show
View Real Time Build Order
Export as new Build Order

Nova Terran 

Build Orders:  

Get SALT Encoding   

  12  1:10  SCV  
  13  1:27  SCV  
  14  1:44  SCV  
  15  2:18  SCV  
  16  2:24  Refinery  
  16  2:25  Refinery  
  16  2:35  SCV  
  17  2:43  Barracks  
  17  2:51  SCV  
  18  3:08  SCV  
  19  3:25  SCV  
  20  3:42  SCV  
  21  4:07  Factory  
  21  5:26  Armory  
  21  5:27  Barracks Tech Lab  
  21  5:35  Caduceus Reactor  
  21  6:20  Ghost Visor  
  21  6:32  Engineering Bay  
  21  8:32  Super Stimpack  
  21  8:39  Operational Efficiency  
  21  8:40  Terran Infantry Weapons Level 1  
  21  9:17  Laser Targeting System  
  21  9:47  Suppression Shells  
  21  10:32  Suppression Shells  
  21  11:02  EMP Round  
  21  13:02  Triple Tap  
  21  13:04  Terran Infantry Weapons Level 2  
Tags
 
Add a new tag
Caveats
  • Supply blocks, unpowered buildings, or Contaminate may cause inaccurate times.
  • Supply counts are checked every 10 seconds.